 Dungeon Crawl Stone Soup version 0.19-a0-1626-g5215c36 (webtiles) character file.

459 Alarkh the Grave Robber (level 6, 41/42 HPs)
             Began as a Mummy Necromancer on Sept 18, 2016.
             Quit the game on level 4 of the Dungeon.
             The game lasted 00:08:17 (3251 turns).

Alarkh the Grave Robber (Mummy Necromancer)         Turns: 3251, Time: 00:08:17

Health: 41/42      AC:  4    Str: 12    XL:     6   Next: 78%
Magic:  22/22      EV: 17    Int: 16    God:
Gold:   243        SH:  0    Dex: 12    Spells: 3 memorised, 6 levels left

rFire  x . .     SeeInvis .     a - +0 short sword (flame)
rCold  + + .     Gourm    .     r - +2 robe {rC+}
rNeg   + + +     Faith    .     (no shield)
rPois  ∞         Spirit   .     (no helmet)
rElec  .         Dismiss  .     (no cloak)
rCorr  .         Reflect  .     (no gloves)
MR     .....     Harm     .     (no boots)
Stlth  ++........               h - amulet of regeneration
                                q - +5 ring of evasion
                                k - ring of magical power

@: no status effects
A: no food or potions, fire vulnerability, cold resistance 1, negative energy
resistance 3, torment resistance, unbreathing
a: no special abilities


You were on level 4 of the Dungeon.
You were not hungry.

You visited 1 branch of the dungeon, and saw 4 of its levels.

You collected 243 gold pieces.

Inventory:

Hand Weapons
 a - a +0 short sword of flaming (weapon)
 l - a +0 dagger
Armour
 d - a +0 robe
 m - a +2 chain mail of magic resistance
 r - a +2 robe of cold resistance (worn)
Rods
 b - a +0 rod of shadows (9/9)
   (You found it on level 2 of the Dungeon)
Jewellery
 h - an amulet of regeneration (around neck)
 i - an uncursed ring of protection from fire
 k - a ring of magical power (left hand)
 q - a +5 ring of evasion (right hand)
Scrolls
 c - a scroll of blinking
 e - a scroll of identify
 f - a scroll of teleportation
 j - a scroll of fog
 n - a scroll of recharging
 o - a scroll of magic mapping
 p - 2 scrolls of immolation
Books
 g - a book of Necromancy

   Spells                             Type                      Level
   a - Pain                           Necromancy                   1
   b - Animate Skeleton               Necromancy                   1
   c - Vampiric Draining              Necromancy                   3
   d - Regeneration                   Charms/Necromancy            3
   e - Animate Dead                   Necromancy                   4
   f - Control Undead                 Necromancy                   4


   Skills:
 + Level 0.4 Fighting
 + Level 0.4 Short Blades
 + Level 2.1 Dodging
 + Level 1.7 Stealth
 + Level 4.7 Spellcasting
 + Level 6.1 Necromancy
 + Level 0.2 Evocations


You had 6 spell levels left.
You knew the following spells:

 Your Spells              Type           Power        Failure   Level  Hunger
a - Pain                  Necr           ###.         1%          1    N/A
b - Vampiric Draining     Necr           ###.......   4%          3    N/A
c - Animate Dead          Necr           N/A          14%         4    N/A

Dungeon Overview and Level Annotations

Branches:
Dungeon (4/15)
 Temple: D:4-7

Altars:
Ashenzari
Gozag
Sif Muna
Trog


Innate Abilities, Weirdness & Mutations

You do not eat or drink.
Your flesh is vulnerable to fire.
You are immune to poison.
Your flesh is cold resistant. (rC+)
You are immune to negative energy. (rN+++)
You are immune to unholy pain and torment.
You can survive without breathing.


Message History

You barely miss the leopard gecko skeleton.
The leopard gecko skeleton is severely damaged.
The leopard gecko skeleton closely misses you.
You hit the leopard gecko skeleton. You burn the leopard gecko skeleton.
You destroy the leopard gecko skeleton!
No target in view!
Found a stone staircase leading down.
You now have 243 gold pieces (gained 13).
An adder skeleton comes into view.
An adder skeleton is nearby!
You hit the adder skeleton. You burn the adder skeleton.
The adder skeleton is moderately damaged.
The adder skeleton bites you.
You hit the adder skeleton but do no damage.
The adder skeleton is moderately damaged.
The adder skeleton misses you.
You closely miss the adder skeleton.
The adder skeleton is moderately damaged.
The adder skeleton closely misses you.
Are you sure you want to abandon this character and quit the game? (Confirm with "yes".)

#....## ###### #.#.## #.....
#.#.# #.#### #.#.# #.#
#####.#.############ ##.##
...................#
######...###
#####...........##.#
#...........
#.....#####.##.###.####...###
#..##[#####Z@.......####.##
#..#...............#.....#
#.†#..##.###.#.##.###....#
#..#..##.# #.#.###.#.##.##
#####..#..##.# #.#.#
#..###... .............#
#.#.# #.## #####
..........######.#.# #.#
#####..............# #.#
..!...##.#######. #..


You could see an adder skeleton.

Vanquished Creatures
  An ogre (D:4)
  A scorpion (D:4)
  2 orc wizards (D:4)
  Jessica (D:3)
  6 adders
  2 worms
  A dart slug (D:2)
  3 leopard geckos
  9 orcs
  9 bats
  4 giant cockroaches
  11 goblins
  8 hobgoblins
  10 jackals
  2 quokkas
  2 ball pythons
  5 frilled lizards
  6 kobolds
  A leopard gecko skeleton (D:4)
  7 rats
91 creatures vanquished.

Vanquished Creatures (collateral kills)
  Edmund (D:4)
  Terence (D:2)
  An ooze (D:2)
  3 worms (D:2)
  A goblin (D:2)
  3 jackals (D:2)
  A frilled lizard (D:2)
  2 rats (D:2)
13 creatures vanquished.

Grand Total: 104 creatures vanquished

Notes
Turn   | Place    | Note
-------+----------+-------------------------------------------
     0 | D:1      | Alarkh the Mummy Necromancer began the quest for the Orb.
     0 | D:1      | Reached XP level 1. HP: 13/13 MP: 3/3
   201 | D:1      | Reached XP level 2. HP: 17/19 MP: 1/5
   204 | D:1      | Found a shattered altar of Ashenzari.
   383 | D:1      | You fall through a shaft!
   644 | D:2      | Identified a +0 rod of shadows (9/9) (You found it on level 2 of the Dungeon)
   923 | D:2      | Reached XP level 3. HP: 23/24 MP: 6/6
   928 | D:2      | Learned a level 3 spell: Vampiric Draining
   968 | D:2      | Found a bloodstained altar of Trog.
   969 | D:2      | Found a deep blue altar of Sif Muna.
  1128 | D:2      | Noticed Terence
  1304 | D:1      | Reached XP level 4. HP: 31/31 MP: 1/8
  1494 | D:1      | Reached skill level 5 in Necromancy
  1812 | D:2      | Killed Terence
  2103 | D:3      | Noticed Jessica
  2108 | D:3      | Killed Jessica
  2108 | D:3      | Reached XP level 5. HP: 36/36 MP: 5/10
  2371 | D:3      | Found an opulent altar of Gozag.
  2706 | D:4      | Learned a level 4 spell: Animate Dead
  2729 | D:4      | Noticed Edmund
  2784 | D:4      | Killed Edmund
  2843 | D:4      | Reached XP level 6. HP: 42/42 MP: 12/12
  3091 | D:4      | Reached skill level 6 in Necromancy
  3251 | D:4      | Quit the game

Vault maps used:
D:1:      matt_arrival_grand_opening, ashenzari_altar_1
D:2:      gammafunk_temple_overflow_statue, minmay_tetromino_i4, uniq_terence
D:3:      lemuel_round_altar, first_bread, uniq_jessica
D:4:      uniq_edmund

Skill      XL: |  1  2  3  4  5  6 |
---------------+-------------------+-----
Necromancy     | 5 6 |  6.1
Spellcasting   | 3 4 |  4.7
Dodging        | 2 |  2.1
Fighting       | |  0.4
Short Blades   | |  0.4
Stealth        | |  1.7
Evocations     | |  0.2

Action                   |  1- 3 |  4- 6 || total
-------------------------+-------+-------++-------
Melee: Unarmed           |    13 |       ||    13
       Dagger            |    36 |    23 ||    59
       Short sword       |       |    37 ||    37
 Cast: Pain              |    67 |   119 ||   186
       Vampiric Draining |       |     2 ||     2
Evoke: Rod               |     4 |     2 ||     6
  Use: Scroll            |     1 |     7 ||     8
 Stab: Sleeping          |     2 |     1 ||     3
Armor: Robe              |    31 |    19 ||    50
Dodge: Dodged            |    80 |    76 ||   156
